[Event "CCT Airthings Masters Play-In 2023"]
[Site "Online"]
[Date "2023.02.03"]
[Round "4"]
[White "Perez Ponsa, Federico"]
[Black "Baku_Boulevard"]
[Result "1/2-1/2"]
[ECO "B31"]
[WhiteElo "2532"]
[BlackElo "2676"]
[Annotator "TA"]
[PlyCount "159"]
[EventDate "2023.02.03"]
[EventType "swiss"]
[EventCountry "NET"]
[SourceTitle "playchess.com"]
[Source "ChessBase"]
[SourceQuality "1"]
[TimeControl "600+2"]

1. e4 c5 2. Nf3 Nc6 3. Bb5 g6 4. O-O Bg7 5. c3 Nf6 6. Re1 O-O 7. d4 d5 8. e5 Ne4 9. Bxc6 bxc6 10. Be3 $1 {[%emt 0:00:01][%mdl 4] outshines the older 10.Nbd2. B31: Sicilian: 2...Nc6 3 Bb5 g6.} Rb8 11. Qc1 cxd4 12. cxd4 Bf5 13. Nc3 f6 14. exf6 exf6 15. Nxe4 Bxe4 16. Nd2 Qd7 17. f3 Bf5 18. Nb3 {[%emt 0:00:01] [#]} g5 $146 ({Predecessor:} 18... Rfe8 19. Nc5 Qf7 20. Qc3 Bf8 21. b3 Bd6 22. Bf2 Rxe1+ 23. Rxe1 Re8 24. g4 Bc8 {½-½ Khegay,D (2530)-Schekachikhin,M (2424) Cheliabinsk Variation-A 2022 (9)}) 19. Nc5 Qf7 20. Bf2 Rfe8 21. Qd2 Bf8 22. b3 h5 23. h4 Qg6 24. Rxe8 Rxe8 25. Re1 Rxe1+ 26. Qxe1 g4 27. Kh2 Bc8 $40 {[%emt 0:00:37][%mdl 128] Black mounts an attack.} 28. Bg3 gxf3 29. gxf3 Qf5 30. Qf2 {[%emt 0:00:15] Active counter play!} Kf7 31. Qg2 (31. Kg1 $11) 31... Bxc5 (31... Bh6 $1 $17 32. Be1 Be3) 32. dxc5 $17 {[%emt 0:00:01][%mdl 4096] Endgame KQB-KQB} d4 33. b4 (33. Bd6 $15) 33... d3 {[%emt 0:00:02][%cal Od3d2] White must now prevent ...d2!} 34. Be1 (34. Kg1 $17) 34... Qe5+ $1 $19 35. Bg3 (35. Qg3 $142 Qe2+ 36. Kg1) 35... Qe3 36. Bf2 {[%emt 0:01:06] Prevents d2} Qf4+ (36... Qe2 $142 {[%cal Od3d2] ( -> ...d2!)} 37. Qg3 Bd7) 37. Bg3 Qxb4 (37... Qc1 $142 38. Qf2 d2) 38. a3 Qc3 39. Bf4 {[%emt 0:00:16] Prevents d2} Qd4 (39... Qxa3 40. Bh6 $17) (39... Qe1 $19 40. Bh6 Qxh4+ 41. Kg1 Qe1+ 42. Kh2 Bd7) 40. Qd2 $17 Be6 41. Qe3 Qb2+ 42. Kg3 Qa1 43. Qc1 {[%emt 0:00:13] Wards off Qh1} Qa2 (43... Qd4 {simplifies} 44. Qe3 Qxe3 45. Bxe3 Bf5) 44. Qc3 Qe2 45. Qd2 Qf1 46. Qg2 {[%emt 0:00:14] Prevents Qh3+} Qe1+ 47. Qf2 Qc3 48. Bd2 Qxa3 49. Qd4 {[%emt 0:00:00] Inhibits Qa1.} Qb3 $1 50. Bc3 Qb8+ 51. Kf2 Qh2+ 52. Ke3 Qe2+ (52... Qg1+ $15 53. Kxd3 Qxd4+ 54. Kxd4 Ba2) 53. Kf4 $11 Ke8 54. Qxf6 d2 55. Qh8+ Kd7 (55... Ke7 $2 56. Bf6+ (56. Qxh5 d1=Q) 56... Kf7 57. Qg7+ Ke8 58. Qe7#) 56. Qd4+ Bd5 57. Bxd2 Qxf3+ 58. Kg5 Kc8 59. Bf4 (59. Qf4 Qxf4+ 60. Bxf4 Bf3 $17) 59... Qg4+ 60. Kh6 Qxh4 ({Better is} 60... Qe6+ $17 61. Kg5 Qg8+ 62. Kh6 Qf8+ 63. Kg5 Qg8+ 64. Kh6 Qf8+ 65. Kg5 Qd8+ 66. Kh6 (66. Qf6 Qxf6+ 67. Kxf6 Kb7 $17) 66... Qf8+) 61. Qe5 Kb7 62. Qg7+ (62. Bg3 Qe4 63. Qxe4 Bxe4 64. Kxh5 a5 $17) 62... Ka6 63. Qa1+ (63. Bb8 Kb5 64. Qb7+ Kc4 65. Qa6+ Kb3 66. Qd3+ Kb4 67. Qd2+ Kb5 68. Qd3+ Bc4 69. Qb1+ Ka4 70. Qd1+ (70. Qa1+ Kb4 $17) 70... Kb4 71. Qd2+ Kb5 72. Qb2+ Ka4 73. Qc2+ Kb4 74. Qd2+ (74. Qb2+ Ka4 $17) 74... Kb5 75. Qb2+ Ka4 76. Qc2+ Kb4 77. Qb2+ Bb3 78. Qd2+ (78. Be5 $2 Qc4 $17) 78... Ka4 $17) 63... Kb5 64. Qb2+ Kc4 65. Qc2+ Kb4 (65... Kd4 $5 66. Qd2+ Ke4 67. Qe3+ Kf5 $15) 66. Qb2+ Kxc5 67. Qc3+ Kb5 68. Qb2+ Kc4 69. Qc2+ {[%emt 0:00:02] [#]} (69. Qc1+ $11 Kb5 70. Qb2+ Kc4 71. Qc1+ Kd4 72. Qe3+ Kc4 73. Qc1+) 69... Kd4 $1 $17 (69... Kb5 $6 70. Qb1+ Kc5 71. Qg1+ Kb4 72. Qb1+ Kc5 73. Qg1+ Kc4 74. Qc1+ Kb3 75. Qb1+ Kc4 76. Qc1+ Kd4 77. Qe3+ Kc4 78. Qc1+ $11) 70. Qd2+ {[%emt 0:00:03] [#]} Kc5 ({Black should try} 70... Ke4 $1 $17 71. Qe3+ Kf5 72. Qe5+ Kg4) 71. Qc3+ $11 {[%emt 0:00:01] The position is equal.} Kb6 72. Qb4+ Ka6 73. Qa4+ Kb7 {[%emt 0:00:00] aiming for ...Qf6+.} 74. Qb4+ Kc8 {[%emt 0:00:02] Threatens to win with ...Qf6+.} 75. Qb8+ Kd7 {[%emt 0:00:00] And now ...Qf6+ would win.} 76. Qd6+ Ke8 77. Qg6+ (77. Bg5 $5 Qe4 $8 78. Qd8+ Kf7 79. Qf6+ Ke8 80. Qh8+ Kf7 81. Qg7+ (81. Qf6+ Ke8 $11) 81... Ke8 82. Qh8+ Kf7 83. Qg7+ (83. Qf6+ Ke8 $11) 83... Ke8 84. Qh8+ $11) 77... Kd7 78. Qd6+ Ke8 79. Qg6+ (79. Bg5 $5 Qe4 $8 80. Qd8+ Kf7 81. Qf6+ Ke8 82. Qh8+ Kf7 83. Qg7+ (83. Qf6+ Ke8 $11) 83... Ke8 84. Qh8+ Kf7 85. Qg7+ (85. Qf6+ Ke8 $11) 85... Ke8 86. Qh8+ $11) 79... Kd7 80. Qd6+ {[%emt 0:00:01] Whites escaped into a draw.   Weighted Error Value: White=0.35/Black=0.27 (precise)} 1/2-1/2

[Event "CCT Airthings Masters Play-In 2023"]
[Site "Online"]
[Date "2023.02.03"]
[Round "4"]
[White "Rakhmanov_Aleksandr"]
[Black "GGuseinov"]
[Result "0-1"]
[ECO "A24"]
[WhiteElo "2532"]
[BlackElo "2635"]
[Annotator "TA"]
[PlyCount "128"]
[EventDate "2023.02.03"]
[EventType "swiss"]
[EventCountry "NET"]
[SourceTitle "playchess.com"]
[Source "ChessBase"]
[SourceQuality "1"]
[TimeControl "600+2"]

1. c4 Nf6 2. Nc3 g6 3. g3 Bg7 4. Bg2 O-O 5. d3 d6 6. h3 e5 7. e4 c6 8. Nge2 Na6 9. O-O Nc5 10. Be3 {[%emt 0:00:15] A24: English Opening vs King's Indian: Lines without ...Nc6.} a5 11. f4 exf4 12. gxf4 {[%emt 0:00:00] White is slightly better.} Re8 {[%emt 0:00:06] [#]} 13. e5 $146 ({Predecessor:} 13. Ng3 Nfd7 14. Qd2 a4 15. d4 Ne6 16. f5 Nc7 17. Kh2 a3 18. b4 c5 19. bxc5 dxc5 {1-0 Wagner,D (2576)-Mortazavi,A (2333) Titled Tuesday intern op 19th Oct blitz 2021 (6)}) 13... Nh5 14. d4 Ne6 15. Ne4 Bf8 16. f5 Neg7 17. Bg5 $36 {[%emt 0:01:49][%mdl 2048] White is more active.} Qb6 {[%emt 0:00:02] Black is weak on the dark squares} (17... Qc7 $1 $11 {remains equal.}) 18. fxg6 $16 (18. exd6 $6 Nxf5 19. c5 Qxb2 $11) 18... hxg6 19. Nxd6 Bxd6 20. exd6 Qxb2 (20... f6 $142) 21. Rf2 $1 Qa3 (21... f6 $16) 22. c5 $18 Bf5 23. Nf4 (23. Rc1 $18) 23... Qg3 $16 24. Nxh5 Qxg5 25. Nxg7 Kxg7 {[%emt 0:00:00] [#]} 26. d5 (26. Qd2 $1 $16 Qe3 27. Rc1) 26... Re3 27. Qd4+ f6 28. dxc6 (28. h4 $5 Qg3 $8 29. Qb2 $11) 28... bxc6 29. h4 Qg3 {[%emt 0:00:03] aiming for ...Re4. Dancing on a razor blade.} 30. Qf4 {[%emt 0:00:25] Repels Re4} Qxf4 31. Rxf4 Rc3 32. Bxc6 Rd8 33. Be4 Be6 (33... Rxc5 34. Bxf5 gxf5 35. Rd1 $14) 34. c6 {[%emt 0:00:06] Hoping for Rd1.} (34. Raf1 f5 35. Bf3 Rxc5 $17) 34... Rxd6 35. Bf3 $2 {[%emt 0:00:02][%mdl 8192] [#]} (35. Bg2 $15) 35... g5 $1 $19 36. hxg5 fxg5 37. Re4 Rxf3 38. Rc1 Rf8 ({Not} 38... Bxa2 39. c7 Rf8 40. c8=Q Rxc8 41. Rxc8 $11) 39. Re5 Kg6 ({Inferior is} 39... Bxa2 40. Rxa5 Be6 41. Rxg5+ Kh6 42. Rg3 $15) 40. Rxa5 $2 (40. a4) 40... Rc8 $2 (40... Rd4 {( -> ...Rg4+)} 41. Rc2 Bd5 42. Rxd5 Rxd5) 41. c7 g4 42. Rb5 (42. a3 $142) 42... Bxa2 43. Kf2 Be6 44. Kg3 Rd3+ 45. Kf4 $2 (45. Kg2 {is a better defense.}) 45... Kf6 {[%emt 0:00:01] ...Rf3+ is the strong threat.} 46. Rh5 Ke7 (46... Rf3+ $142 47. Ke4 Bf5+ 48. Kd5 Rd3+ 49. Kc6 Be4+ 50. Kb5 Rb3+ 51. Ka4 Rb7) 47. Rh7+ Kd6 48. Rh6 (48. Ke4 $142 Rd5 49. Rh6 Re5+ 50. Kd4) 48... Rf3+ (48... Rxc7 49. Rxc7 Kxc7 50. Rxe6 $11) 49. Ke4 Rf7 ({Worse is} 49... Rxc7 50. Rxc7 Kxc7 51. Rxe6 $11) 50. Kd4 Rcxc7 51. Re1 Rce7 52. Re4 Rg7 53. Re1 g3 54. Rg1 Ra7 55. Re1 Rae7 56. Rg1 Rg4+ 57. Ke3 Ke5 58. Kf3 Rf7+ 59. Ke3 Bd5 (59... Re4+ $142 60. Kd3 Rd7+ 61. Kc3 Rc4+ 62. Kb3 Rb7+ 63. Ka3 Rc3+ 64. Ka4 Bd7+ 65. Rc6 Bxc6+ 66. Ka5 Ra3#) 60. Rh5+ {[%emt 0:00:03] Black is clearly winning.} Rf5 61. Rh8 g2 62. Re8+ Kf6 63. Rf8+ Kg5 64. Rg8+ Bxg8 {[%emt 0:00:02] Black used his chance.   Weighted Error Value: White=0.78/Black=0.37} 0-1

[Event "CCT Airthings Masters Play-In 2023"]
[Site "Online"]
[Date "2023.02.03"]
[Round "4"]
[White "Igrok"]
[Black "ChristopherYoo"]
[Result "1-0"]
[ECO "E32"]
[WhiteElo "2529"]
[BlackElo "2621"]
[Annotator "TA"]
[PlyCount "39"]
[EventDate "2023.02.03"]
[EventType "swiss"]
[EventCountry "NET"]
[SourceTitle "playchess.com"]
[Source "ChessBase"]
[SourceQuality "1"]
[TimeControl "600+2"]

1. d4 Nf6 2. c4 e6 3. Nc3 Bb4 4. Qc2 O-O 5. a3 Bxc3+ 6. Qxc3 b6 7. Bg5 Bb7 8. e3 h6 9. Bh4 d6 {[%emt 0:00:00] E32: Nimzo-Indian: Classical (4 Qc2): 4...0-0.} 10. Ne2 Nbd7 11. Qc2 c5 {[%emt 0:00:05] The position is equal.} 12. Rd1 Rc8 13. Nc3 cxd4 14. Rxd4 Ne5 {[%emt 0:00:05] [#]} 15. Be2 $146 ({Predecessor:} 15. Bg3 Qe7 16. Nb5 Nc6 17. Rd1 e5 18. Nxd6 Nd4 19. exd4 Qxd6 20. dxe5 Qe7 21. Be2 {1-0 Van Wely,L (2680)-Wells,P (2517) Staunton Memorial 5th 2007 (7)}) 15... Bxg2 $2 {[%emt 0:00:41][%mdl 8192] This move loses the game for Black.} (15... Nc6 $11 {and Black has nothing to worry.} 16. Rd2 (16. Bxf6 Nxd4 17. Bxd4 e5 $17) 16... Ne5) 16. Rg1 $18 Bb7 {[%emt 0:00:02] [#]} (16... Bf3 {might work better.} 17. Bxf6 Qxf6) 17. Rf4 $1 {[%emt 0:00:39] White is clearly winning.} Ned7 {[%emt 0:02:18] [#]} 18. Rfg4 $1 Kh8 (18... g5 $2 19. Bxg5 Nxg4 20. Bxd8 Rcxd8 21. Rxg4+) (18... Nxg4 $142 19. Bxd8 Nxe3 20. fxe3 Rcxd8) 19. Rxg7 Qc7 20. e4 {[%emt 0:00:44] Weighted Error Value: White=0.04 (flawless) /Black=0.77} 1-0

[Event "CCT Airthings Masters Play-In 2023"]
[Site "Online"]
[Date "2023.02.03"]
[Round "4"]
[White "viviania"]
[Black "BrandonJacobson"]
[Result "1-0"]
[ECO "E81"]
[WhiteElo "2529"]
[BlackElo "2355"]
[Annotator "TA"]
[PlyCount "57"]
[EventDate "2023.02.03"]
[EventType "swiss"]
[EventCountry "NET"]
[SourceTitle "playchess.com"]
[Source "ChessBase"]
[SourceQuality "1"]
[TimeControl "600+2"]

1. d4 Nf6 2. c4 g6 3. Nc3 Bg7 4. e4 d6 5. f3 O-O 6. Bg5 Nc6 7. Nge2 a6 8. d5 {[%emt 0:00:39] E81: King's Indian: Sämisch: 6th move deviations (including 6 Be3 c6).} Na5 9. Nd4 c5 10. Nc2 {[%emt 0:00:01] [#] White is slightly better.} b5 $146 ({Predecessor:} 10... Rb8 11. Qd2 Bd7 12. Bh6 Bxh6 13. Qxh6 b5 14. b3 bxc4 15. bxc4 e5 16. Bd3 Nh5 {1-0 Pechisker,A (2293)-Yoos,J (2417) British Columbia-ch 2011 (4.3)}) 11. cxb5 axb5 12. Bxb5 Ba6 13. Bxa6 Rxa6 14. Qe2 Rb6 15. Rb1 Nd7 {[%emt 0:00:04] [#] And now ...Bxc3+ would win.} 16. O-O Ne5 (16... c4 $142) 17. b3 $16 Qd7 18. Bd2 {[%emt 0:00:34] Strongly threatening f4.} Ra8 19. Kh1 Nb7 20. a4 Na5 21. f4 Ng4 22. Nb5 f5 (22... Nf6 {was called for.} 23. Bc3 Rbb8) 23. Nca3 Rb7 (23... Nf6 $142) 24. Qe1 $18 Nxb3 25. Rxb3 {[%emt 0:00:01] Hoping for a5.} Rxa4 26. exf5 Qxf5 {[%emt 0:00:01] [#]} (26... gxf5 27. Rg3 Kf8) 27. Nxd6 $1 {[%emt 0:00:16][%mdl 576] Discovered Attack. White is clearly winning.} exd6 28. Qe8+ Bf8 29. Qxa4 {[%emt 0:00:01] Black did not feel at home in the position after the opening.   Weighted Error Value: White=0.21 (precise) /Black=0.30} 1-0

[Event "CCT Airthings Masters Play-In 2023"]
[Site "Online"]
[Date "2023.02.03"]
[Round "4"]
[White "promen"]
[Black "chessdjw"]
[Result "1-0"]
[ECO "E46"]
[WhiteElo "2520"]
[BlackElo "2271"]
[Annotator "TA"]
[PlyCount "51"]
[EventDate "2023.02.03"]
[EventType "swiss"]
[EventCountry "NET"]
[SourceTitle "playchess.com"]
[Source "ChessBase"]
[SourceQuality "1"]
[TimeControl "600+2"]

1. d4 Nf6 2. c4 e6 3. Nc3 Bb4 4. e3 O-O 5. Nge2 d5 6. a3 Be7 7. Ng3 c5 8. dxc5 dxc4 9. Bxc4 (9. Qc2 {keeps more tension.} b5 10. cxb6 Ba6 11. bxa7 Nbd7 12. Be2) 9... Qxd1+ {[%emt 0:00:03] E46: Nimzo-Indian: Rubinstein: 4 e3 0-0 5 Ne2 without early Bd3.} 10. Kxd1 Bxc5 11. b4 Be7 {[%emt 0:00:10] Black is slightly better.} 12. Bb2 b6 13. Ke2 Bb7 14. Rhd1 {[%emt 0:00:13] [#]} Nbd7 $146 {[%emt 0:00:52] ...Ne5 would be deadly.} ({Predecessor:} 14... Bxg2 15. f3 Nbd7 16. Nce4 Rfc8 17. Bd3 h5 18. h4 Rc7 19. Rd2 a5 20. b5 Bh3 {1-0 Cruz,C (2563)-Bachmann,A (2652) Benasque op 34th 2014 (7)}) 15. Nge4 Ne5 $15 ({Resist} 15... Bxe4 16. Nxe4 Nxe4 17. Rxd7 $14) 16. Nd2 Bxg2 ({Better is} 16... Rad8 $17 {[%cal Od8d2] Hoping for ...Rxd2+!} 17. Bb3 Nd3) 17. Ba6 $1 Rfd8 18. f3 (18. Nb5 $1 $11 Ng6 19. Rg1) 18... h5 19. Nb5 {[%emt 0:00:36] [#]} (19. Rac1 $15) 19... Rd7 $2 {[%emt 0:00:15][%mdl 8192] A mistake that costs the game.} 20. Bxe5 $18 {[%emt 0:00:03] White is clearly winning.} Rad8 21. Nd4 Nd5 22. Nc6 Bd6 23. Bxd6 Nc3+ 24. Kf2 Rxd6 25. Nxd8 Bh3 26. Nb7 {[%emt 0:00:09] Weighted Error Value: White=0.22 (precise) /Black=0.60} 1-0

[Event "CCT Airthings Masters Play-In 2023"]
[Site "Online"]
[Date "2023.02.03"]
[Round "4"]
[White "SergeiAza"]
[Black "Puranik, Abhimanyu"]
[Result "1-0"]
[ECO "C78"]
[WhiteElo "2514"]
[BlackElo "2596"]
[Annotator "TA"]
[PlyCount "123"]
[EventDate "2023.02.03"]
[EventType "swiss"]
[EventCountry "NET"]
[SourceTitle "playchess.com"]
[Source "ChessBase"]
[SourceQuality "1"]
[TimeControl "600+2"]

1. e4 e5 2. Nf3 Nc6 3. Bb5 a6 4. Ba4 Nf6 5. O-O b5 6. Bb3 Bb7 7. d3 Bd6 8. a3 O-O 9. Nc3 h6 10. Ne2 {[%emt 0:00:38] C78: Ruy Lopez: Archangelsk and Möller Defences.} Bc5 11. Ng3 d5 12. exd5 {[%emt 0:01:52] White has an edge.} Nxd5 {[%emt 0:00:04] [#]} 13. c3 $146 ({Predecessor:} 13. Re1 Re8 14. c3 Qd7 15. Nh4 Nf6 16. Nhf5 Bf8 17. Ba2 Nd8 18. Qc2 Bd5 19. Bb1 {1-0 Bon,M (2413)-Degardin,S (2282) Tremblay en France 2022 (6)}) 13... Re8 14. Ne4 Be7 15. Re1 Qd7 16. d4 exd4 17. cxd4 Rad8 18. Bd2 Nf6 19. Nc5 (19. Bc3 $11 {was preferrable.}) 19... Bxc5 $15 20. dxc5 Ne4 (20... Nd4 $15 21. Nxd4 Qxd4) 21. Be3 $1 $11 Qf5 22. Qc2 Na5 {[%emt 0:01:18] With the idea ...Nxb3. Excellent horsemanship.} 23. Ba2 Bd5 24. Bxd5 Qxd5 (24... Rxd5 $5 25. b4 Nc4 $11) 25. Bf4 Qb3 $2 (25... Nxc5 $2 26. Bxc7 Qc4 27. Qf5 $18) (25... Rc8 $11 {and Black has nothing to worry.}) 26. Rac1 ({Weaker is} 26. Qxb3 Nxb3 27. Rab1 (27. Bxc7 $2 Rc8 $19) 27... Nexc5 $15) ({White has to play} 26. Qb1 $18) 26... Qxc2 27. Rxc2 Nc4 28. c6 ({Much worse is} 28. Bxc7 Rc8 29. b3 Nxa3 $11) ({White should play} 28. b3 $14 Nxa3 29. Rce2) 28... g5 (28... Ng5 $15 29. Rxe8+ (29. Bxc7 $2 {is the wrong capture.} Nxf3+ {[%mdl 64] Remove Defender} 30. gxf3 Rxe1+ $19) 29... Rxe8) 29. Bxc7 Rc8 $132 {[%emt 0:00:05][%mdl 2048] Black is not keeping still} 30. Bg3 Rxc6 31. Rce2 Rce6 {[%emt 0:00:04] White should prevent ...Nxg3.} 32. Bc7 (32. b3 $11 {keeps the balance.} Nxa3 33. Nd4 Nxg3 34. Rxe6 fxe6 35. fxg3) 32... Nc5 33. Rxe6 Rxe6 34. Rb1 Nd3 (34... Re2 $17 35. h4 Ne6) 35. b3 $1 $15 Nxa3 36. Rd1 Nc5 (36... Rc6 $1 $15 {keeps the upper hand.} 37. Ba5 b4) 37. Bd6 $16 Nxb3 {[%emt 0:00:15] [#] White must now prevent ...Nc4.} 38. Bxa3 Na5 39. h4 Nc4 40. Bb4 {[%emt 0:00:05] Rd8+ is the strong threat.} a5 41. Bc3 b4 42. Ba1 ({Better is} 42. Rd4 $16) 42... b3 $11 43. hxg5 {[%emt 0:00:07] [#] Strongly threatening Rd8+.} b2 44. Bxb2 Nxb2 {[%emt 0:00:01][%mdl 4096] Endgame KRN-KRN} 45. Rd8+ Kh7 46. Rd7 Kg7 47. gxh6+ Rxh6 48. Ra7 {[%emt 0:00:05] Prevents Ra6.} Rh5 49. g4 Rd5 50. Kg2 Nc4 51. Kg3 Nd6 52. Nh4 Rd4 (52... Kf6 $11) 53. Ra6 ({White should try} 53. Rxa5 $14 Ne4+ 54. Kg2) 53... Ne4+ 54. Kg2 Rd5 55. Nf5+ Kh7 56. Rh6+ Kg8 57. Ra6 {[%emt 0:00:03] Hoping for Ne7+.} Kh7 58. f3 Nc3 (58... Rd2+ $11 59. Kh3 Rd3) 59. Rf6 $2 (59. Rh6+ $18 Kg8 60. Ne7+ Kf8 61. Nxd5 Nxd5 62. Ra6) 59... Kg8 $2 (59... Rd7 $11) 60. Ne7+ $18 {[%emt 0:00:02] White is clearly winning.} Kg7 61. Nxd5 Nxd5 62. Ra6 {[%emt 0:00:01] Weighted Error Value: White=0.33/Black=0.27 (precise)} 1-0

[Event "CCT Airthings Masters Play-In 2023"]
[Site "Online"]
[Date "2023.02.03"]
[Round "4"]
[White "vugarrasulov"]
[Black "Vladimir_"]
[Result "0-1"]
[ECO "E09"]
[WhiteElo "2514"]
[BlackElo "2341"]
[Annotator "TA"]
[PlyCount "54"]
[EventDate "2023.02.03"]
[EventType "swiss"]
[EventCountry "NET"]
[SourceTitle "playchess.com"]
[Source "ChessBase"]
[SourceQuality "1"]
[TimeControl "600+2"]

1. d4 d5 2. c4 e6 3. Nf3 Nf6 4. g3 Be7 5. Bg2 O-O 6. O-O c6 7. Qc2 b6 8. Nbd2 Nbd7 9. b3 Bb7 10. e4 dxe4 11. Nxe4 c5 12. Nxf6+ {[%emt 0:01:40] E09: Closed Catalan: Main Line: 7 Qc2 c6 8 Nbd2.} Bxf6 13. Rd1 {[%emt 0:00:37] [#]} (13. Bb2 $11) 13... cxd4 ({Better is} 13... Bxf3 $1 $17 14. Bxf3 Bxd4) 14. Nxd4 $11 {[%emt 0:00:21] The position is equal.} Bxg2 15. Kxg2 {[%emt 0:00:00] [#]} Qc7 $146 ({Predecessor:} 15... Qc8 16. Rb1 Qb7+ 17. f3 Rfd8 18. Be3 Ne5 19. Qe4 Qxe4 20. fxe4 Rd7 21. Nc2 Rad8 22. Rxd7 Rxd7 {½-½ Aramil,W (2251)-De Guzman,R (2379) Las Vegas Millionaire op 2014 (7)}) 16. Qe4 Nc5 17. Qf3 e5 18. Nb5 Qe7 $36 {[%emt 0:00:01][%mdl 2048] Black fights for an advantage.} 19. Rb1 e4 20. Qg4 Be5 21. Ba3 f5 22. Qe2 Qf6 23. Bb2 $2 {[%emt 0:00:41][%mdl 8192] This costs White the game.} (23. Bxc5 $11 {and White has nothing to worry.} bxc5 24. Kh1) 23... f4 $19 {[%emt 0:00:10] [#] Threatens to win with ...f3+.} 24. gxf4 (24. Kh1 {only move.} Bxb2 25. Qxb2 Qxb2 26. Rxb2) 24... Bxb2 (24... Qxf4 25. Bxe5 Qxe5 26. Qe3 $19) 25. Qxb2 Qg6+ 26. Kh1 Nd3 ({Inferior is} 26... Rxf4 27. Qd4 Raf8 28. Rg1 $17) 27. Qd2 (27. Qd4 Rad8 28. Qe3 (28. Rg1 $2 Qh6 $19)) 27... Rxf4 {[%emt 0:00:04] Weighted Error Value: White=0.90/Black=0.22 (precise)} ({Weaker is} 27... Nxf4 28. Rg1 Qc6 29. Qd6 $17) 0-1

[Event "CCT Airthings Masters Play-In 2023"]
[Site "Online"]
[Date "2023.02.03"]
[Round "4"]
[White "Blomqvist, Erik"]
[Black "Cayse"]
[Result "1/2-1/2"]
[ECO "C77"]
[WhiteElo "2510"]
[BlackElo "2579"]
[Annotator "TA"]
[PlyCount "88"]
[EventDate "2023.02.03"]
[EventType "swiss"]
[EventCountry "NET"]
[SourceTitle "playchess.com"]
[Source "ChessBase"]
[SourceQuality "1"]
[TimeControl "600+2"]

1. e4 e5 2. Nf3 Nc6 3. Bb5 a6 4. Ba4 Nf6 5. O-O Be7 6. d3 b5 7. Bb3 O-O 8. Nc3 d6 9. a3 Na5 {[%emt 0:00:03] C77: Ruy Lopez: 3...a6 4 Ba4 Nf6, unusual lines.} 10. Ba2 Be6 11. b4 Bxa2 12. Rxa2 Nc6 13. Bg5 Qd7 14. Bxf6 Bxf6 15. Nd5 a5 16. Rb2 axb4 17. axb4 Bd8 {[%emt 0:01:20] [#]} 18. Qb1 $146 ({Predecessor:} 18. c4 Nd4 19. Nxd4 exd4 20. Qc2 c6 21. Nf4 Qb7 22. cxb5 Qxb5 23. Ne2 Bf6 24. g3 {½-½ Nepomniachtchi,I (2773)-Ding,L (2799) Airthings Masters Prelim rapid 2022 (14)}) 18... Ne7 19. Ra2 Qc6 20. c4 Qb7 21. Rxa8 Qxa8 22. Qb2 ({Much worse is} 22. cxb5 Nxd5 23. exd5 Qxd5 $17) 22... Qb7 23. Ra1 c6 24. Nxe7+ Bxe7 25. Qa2 Rb8 26. g3 h6 27. Qa7 Bf8 28. Qxb7 Rxb7 $11 {[%emt 0:00:00][%mdl 4096] Endgame KRB-KRN} 29. Ra6 bxc4 30. dxc4 Rxb4 31. Rxc6 g6 32. Rc7 Rb3 33. Kg2 Rc3 34. h4 Kg7 {[%emt 0:00:43] [#]} 35. h5 $1 {[%emt 0:00:08] aiming for hxg6.} Kf6 36. Nh2 gxh5 37. Nf1 $1 Rb3 38. Ne3 {[%emt 0:00:03][%mdl 1024] White has strong compensation.} Rb8 39. Nf5 Kg6 40. Kh3 Ra8 41. Rc6 {[%emt 0:00:09] White has more active pieces.} Kg5 42. Rc7 ({Of course not} 42. Nxd6 $6 Bxd6 43. Rxd6 Ra2 $11) 42... Kg6 $1 43. Rc6 Kg5 $1 44. Rc7 Kg6 $1 {[%emt 0:00:02] Weighted Error Value: White=0.11 (very precise) /Black=0.08 (flawless)} 1/2-1/2